 Dungeon Crawl Stone Soup version 0.30.0-29-ga12c61a403 (webtiles) character file.

Game seed: 4030414718875841419

3425 Fodor the Carver (level 9, -5/74 (79) HPs)
             Began as a Minotaur Fighter on June 21, 2023.
             Was an Initiate of Gozag.
             Slain by a wight
             ... wielding a +0 halberd
              (9 damage)
             ... on level 8 of the Dungeon.
             The game lasted 00:40:19 (7800 turns).

Fodor the Carver (Minotaur Fighter)                 Turns: 7800, Time: 00:40:20

HP:   -5/74 (79)    AC: 17    Str: 25    XL:     9   Next: 76%
MP:   8/8           EV: 11    Int:  5    God:    Gozag
Gold: 209           SH:  0    Dex: 16    Spells: 8/8 levels left

rFire   . . .        O - +5 great sword
rCold   . . .        (shield currently unavailable)
rNeg    . . .        m - +0 chain mail
rPois   .            (helmet restricted)
rElec   .            (no cloak)
rCorr   .            f - +0 pair of gloves
SInv    .            N - +0 pair of boots
Will    .....        (no amulet) Stlth
                     i - +6 ring of dexterity
HPRegen 0.32/turn    K - +4 ring of protection
MPRegen 0.11/turn

%: no passive effects
@: gold aura, drained
A: horns 2, retaliatory headbutt
a: Renounce Religion, Potion Petition, Call Merchant, Bribe Branch


You were on level 8 of the Dungeon.
You worshipped Gozag.
Gozag was aware of your devotion.
You visited 2 branches of the dungeon, and saw 9 of its levels.
You also visited: Ossuary.

You collected 301 gold pieces.
You paid 92 gold pieces to Gozag.

Inventory:

Hand Weapons
 b - a +0 flail of holy wrath
 s - a +1 morningstar
 O - a +5 great sword (weapon)
Missiles
 a - a curare-tipped dart
 h - 8 boomerangs
 o - 3 poisoned darts (quivered)
 G - 5 javelins
Armour
 c - a +0 buckler
 f - a +0 pair of gloves (worn)
 m - a +0 chain mail (worn)
 N - a +0 pair of boots (worn)
Jewellery
 i - a +6 ring of dexterity (left hand)
 K - a +4 ring of protection (right hand)
Wands
 l - a wand of flame (10)
 t - a wand of polymorph (11)
 w - a wand of paralysis (8)
 y - a wand of light (8)
Scrolls
 e - a scroll of fear {unknown}
 g - a scroll of magic mapping {unknown}
 j - 2 scrolls of amnesia
 r - 2 scrolls of enchant armour
 v - 2 scrolls of vulnerability
 x - 2 scrolls of blinking {unknown}
 F - a scroll of summoning {unknown}
 I - 3 scrolls of teleportation
 L - a scroll of silence
 M - a scroll of immolation {unknown}
Potions
 d - 3 potions of might
 k - 3 potions of flight {unknown}
 p - 2 potions of curing
 q - 3 potions of lignification {unknown}
 u - a potion of heal wounds
 z - a potion of berserk rage {unknown}
 A - a potion of invisibility {unknown}
 B - 2 potions of brilliance
 C - a potion of ambrosia {unknown}
 D - a potion of mutation {unknown}
 E - 2 potions of haste {unknown}
 H - 2 potions of attraction
 J - 3 potions of magic {unknown}


   Skills:
 + Level 7.3 Fighting
 + Level 11.1 Long Blades
 + Level 1.1 Throwing
 + Level 8.6 Armour
 + Level 5.0 Dodging
 + Level 1.1 Stealth
 + Level 5.6 Shields


You had 8 spell levels left.
You didn't know any spells.
Your spell library contained the following spells:

 Spells                   Type           Power      Damage    Failure   Level
 Freeze                   Ice            0%         1d3       92%         1
 Sting                    Tmut/Pois      0%         1d3       92%         1
 Frozen Ramparts          Ice            0%         1d1       100%        3
 Hailstorm                Conj/Ice       0%         3d3       100%        3
 Tukima's Dance           Hex            0%         N/A       100%        3
 Volatile Blastmotes      Fire/Tloc      0%         2d10      100%        3
 Passage of Golubria      Tloc           0%         N/A       100%        4
 Petrify                  Tmut/Erth      0%         N/A       100%        4
 Yara's Violent Unravell  Hex/Tmut       0%         3d3       100%        5


Dungeon Overview and Level Annotations

Branches:
Dungeon (8/15)             Temple (1/1) D:4         Ossuary (visited)
   Lair: D:8-11

Altars:
Ashenzari
Cheibriados
Dithmenos
Elyvilon
Fedhas
Gozag
Hepliaklqana
Kikubaaqudgha
Makhleb
Nemelex Xobeh
Okawaru
Qazlal
Ru
Sif Muna
Trog
Uskayaw
Vehumet
Wu Jian
Xom
Yredelemnul
Zin
The Shining One

Annotations:
D:3 1 runed translucent door, Crazy Yiuf


Innate Abilities, Weirdness & Mutations

You have a pair of horns on your head.
You reflexively headbutt those who attack you in melee.


Message History

The wight barely misses you.
Things that are here:
4 gold pieces; a +0 dagger; a +0 leather armour You slash the wight!
The wight is severely damaged.
The wight closely misses you. You furiously retaliate!
You headbutt the wight, but do no damage.
You closely miss the wight.
You headbutt the wight, but do no damage.
The wight is severely damaged.
The wight barely misses you. The wight hits you but does no damage.
The wight barely misses you. The wight hits you with a +2 falchion.
You feel drained.
You closely miss the wight.
The wight is severely damaged.
The wight hits you but does no damage. The wight closely misses you.
You hit the wight but do no damage.
You headbutt the wight, but do no damage.
The wight is severely damaged.
The wight barely misses you. The wight hits you but does no damage.
You hit the wight but do no damage.
The wight is severely damaged.
The wight hits you but does no damage. x2
You hit the wight. You headbutt the wight.
The wight is severely damaged.
The wight hits you from afar with a +0 halberd!
* * * LOW HITPOINT WARNING * * *
You feel drained.
* * * LOW HITPOINT WARNING * * *
The wight hits you with a +2 falchion!
* * * LOW HITPOINT WARNING * * *
You feel drained.
* * * LOW HITPOINT WARNING * * *
You slash the wight!
You destroy the wight!
The wight hits you from afar with a +0 halberd.
* * * LOW HITPOINT WARNING * * *
The wight hits you with a +0 halberd!
You die...
Your body crumbles into a pile of gold.

#.. ..# .... .......
..... ......y ##.....
....... .......
.......## ####.......
........###.$@z#
.........#..###......
)........#$## ##...
....<..<.:.##...# .
...../........#
...........####
........##...#
##.##...####...# #.
#.### ##.#


You could see a wight.

Vanquished Creatures
  A troll (D:7)
  A hornet (D:8)
  A wyvern (D:8)
  A wraith (Ossuary)
  2 steam dragons (D:7)
  A water moccasin (D:6)
  An orc warrior (D:7)
  2 black bears (D:7)
  2 ogres
  2 bullfrogs
  3 gnoll sergeants (D:7)
  A kobold brigand (D:7)
  2 scorpions
  4 wights
  5 killer bees (D:8)
  2 howler monkeys
  4 jellies
  A hound (D:6)
  3 orc priests
  2 sleepcaps
  Ijyb (D:3)
  A gnoll bouda (D:4)
  4 iguanas
  4 orc wizards
  A mummy (Ossuary)
  7 adders
  16 gnolls
  2 shadow imps (D:7)
  An ufetubus (D:5)
  A worm (D:3)
  2 dart slugs
  24 orcs
  5 endoplasms
  5 giant cockroaches
  5 goblins
  4 hobgoblins
  6 jackals
  7 kobolds
  3 quokkas
  11 ball pythons
  5 bats
  4 frilled lizards
  5 gnoll skeletons (Ossuary)
  6 kobold skeletons (Ossuary)
  14 orc skeletons (Ossuary)
  2 rat zombies (D:4)
187 creatures vanquished.

Notes
Turn   | Place    | Note
-------+----------+-------------------------------------------
     0 | D:1      | Fodor the Minotaur Fighter began the quest for the Orb.
     0 | D:1      | Reached XP level 1. HP: 19/19 MP: 0/0
   163 | D:1      | Reached XP level 2. HP: 27/27 MP: 1/1
   408 | D:1      | Found a faded altar of an unknown god.
   458 | D:1      | Got the Spellbook of the Wasteland
  1113 | D:2      | Found a shimmering altar of Xom.
  1116 | D:2      | Reached XP level 3. HP: 32/33 MP: 2/2
  1648 | D:3      | Noticed Ijyb
  1655 | D:3      | Killed Ijyb
  1656 | D:3      | Reached skill level 3 in Long Blades
  1667 | D:3      | Reached XP level 4. HP: 40/40 MP: 3/3
  1894 | D:3      | Found a shadowy altar of Dithmenos.
  2087 | D:3      | Found a runed translucent door.
  2088 | D:3      | Noticed Crazy Yiuf
  2129 | D:3      | Reached skill level 4 in Long Blades
  2132 | D:3      | Reached XP level 5. HP: 38/47 MP: 4/4
  2523 | D:4      | Reached skill level 1 in Dodging
  2544 | D:4      | Found a sand-covered staircase.
  2561 | Ossuary  | Entered an ossuary
  2561 | Ossuary  | Noticed a wraith
  2561 | Ossuary  | Noticed a wraith
  2561 | Ossuary  | Noticed a wraith
  2726 | Ossuary  | Noticed a wraith
  2743 | Ossuary  | Killed a wraith
  2744 | Ossuary  | Reached skill level 5 in Long Blades
  2744 | Ossuary  | Reached skill level 5 in Armour
  2744 | Ossuary  | Reached XP level 6. HP: 18/53 MP: 5/5
  3179 | D:4      | Reached XP level 7. HP: 27/60 MP: 6/6
  3220 | D:4      | Reached skill level 5 in Fighting
  3386 | D:4      | Reached skill level 6 in Long Blades
  3552 | D:4      | Found a staircase to the Ecumenical Temple.
  3702 | Temple   | Entered the Ecumenical Temple
  4010 | D:4      | Found a blossoming altar of Fedhas.
  4242 | D:4      | Reached skill level 1 in Throwing
  4344 | D:5      | Entered Level 5 of the Dungeon
  4991 | D:6      | Reached skill level 5 in Shields
  4998 | D:6      | Reached skill level 7 in Long Blades
  4998 | D:6      | Reached XP level 8. HP: 56/68 MP: 7/7
  6680 | D:7      | Reached skill level 8 in Long Blades
  7081 | D:7      | Noticed a troll
  7114 | D:7      | Reached skill level 1 in Stealth
  7129 | D:7      | Reached skill level 9 in Long Blades
  7133 | D:7      | Reached XP level 9. HP: 47/75 MP: 8/8
  7137 | D:7      | Killed a troll
  7153 | D:7      | Reached skill level 10 in Long Blades
  7636 | D:7      | Found a bloodstained altar of Trog.
  7636 | D:7      | Found a faded altar of an unknown god.
  7643 | D:7      | Found an opulent altar of Gozag.
  7646 | D:7      | Found a faded altar of an unknown god.
  7648 | D:7      | Found a stormy altar of Qazlal.
  7672 | D:7      | Became a worshipper of Gozag Ym Sagoz the Greedy
  7759 | D:8      | Reached skill level 5 in Dodging
  7769 | D:8      | Reached skill level 11 in Long Blades
  7799 | D:8      | HP: 3/72 [wight/+0 halberd (6)]
  7800 | D:8      | Slain by a wight

Illustrated notes

Levels and vault maps discovered:
D:1:      dpeg_arrival_ratfight, layout_basic, shapermc_ecumenical_altar_venn
D:2:      layout_basic, basic_altar
D:3:      layout_loops_cross, mainiacjoe_overflow_cross_hatched,
          wad_floor_pattern_2, uniq_ijyb, uniq_crazy_yiuf_cottage
D:4:      layout_basic, overflow_temple_1_default, minmay_temple_entry_tees,
          enter_ossuary_4, roderic_serpentine_path
D:5:      layout_loops_ring
D:6:      layout_basic, minmay_misc_feat_secret_circle, minmay_misc_feat_columns
D:7:      layout_loops_corners, chequers_temple_overflow_minitemple,
          minmay_joined_circles
D:8:      layout_rooms
Temple:   bh_familiar_temple

Skill      XL: |  1  2  3  4  5  6  7  8  9 |
---------------+----------------------------+-----
Armour         | 4 5 6 7 8 |  8.6
Shields        | 4 5 |  5.6
Fighting       | 4 5 6 7 |  7.3
Long Blades    | 3 4 5 7 9 11 | 11.1
Dodging        | 2 3 5 |  5.0
Throwing       | 1 |  1.1
Stealth        | 1 |  1.1

Action                     |  1- 3 |  4- 6 |  7- 9 || total
---------------------------+-------+-------+-------++-------
  Melee: Long sword        |    78 |   168 |   162 ||   408
         Headbutt          |    11 |    29 |    55 ||    95
         Great sword       |       |       |    81 ||    81
  Throw: Dart              |     4 |       |     2 ||     6
    Use: Potion            |       |     5 |     7 ||    12
         Scroll            |       |       |    15 ||    15
   Stab: Distracted        |       |       |     1 ||     1
 Armour: Scale mail        |    35 |   111 |    27 ||   173
         Chain mail        |       |       |   116 ||   116
  Dodge: Dodged            |    44 |   122 |   168 ||   334
  Block: Buckler           |    18 |    92 |    50 ||   160
